 Dungeon Crawl Stone Soup version 0.31.0-32-g396128a36d (webtiles) character file.

Game seed: 16795564436773392563

7728 ilwentz the Mimic (level 11, 0/98 HPs)
             Began as a Green Draconian Shapeshifter on Apr 12, 2024.
             Was a Priest of Hepliaklqana.
             Killed by divine providence
             ... invoked by a meliai
              (12 damage)
             ... on level 9 of the Dungeon.
             The game lasted 00:25:06 (8665 turns).

ilwentz the Mimic (Green Draconian Shapeshifter)    Turns: 8665, Time: 00:25:07

Health: 0/98       AC:  9    Str: 25    XL:     11   Next: 0%
Magic:  11/11      EV: 11    Int: 11    God:    Hepliaklqana [***...]
Gold:   473        SH:  0    Dex: 11    Spells: 10/10 levels left

rFire   . .          .
                       - Unarmed
rCold   . . .        (shield currently unavailable)
rNeg    . . .        (body armour unavailable)
rPois   +            s - melded +2 hat of the Bear Spirit {Spirit, Bear, *Rage Will++}
rElec   .            H - melded +0 cloak
rCorr   .            E - melded +0 pair of gloves
SInv    +            (boots currently unavailable)
Will    +....        m - amulet of the acrobat
Stlth   +            v - ring of willpower
HPRegen 0.36/turn    F - ring of see invisible
MPRegen 0.12/turn

%: acrobat
@: snake-form, hasted, very quick
A: constrict, boosted hp, reduced essence, (breathe noxious fumes), AC +7,
large, unfitting armour, (poison resistance), (cold-blooded)
a: Begin Untransformation, Renounce Religion, Recall Ancestor, Ancestor
Identity, Transference


You were on level 9 of the Dungeon.
You worshipped Hepliaklqana.
Hepliaklqana was most pleased with you.
You were an enormous serpent.
You visited 2 branches of the dungeon, and saw 10 of its levels.

You collected 473 gold pieces.

Inventory:

Missiles
 e - 21 poisoned darts (quivered)
Armour
 s - the +2 hat of the Bear Spirit (melded) {Spirit, Bear, *Rage Will++}
   (You found it on level 2 of the Dungeon)

   Bear:      Going berserk makes the wearer exceptionally tough, and they are
   slowed for a shorter time afterward.
   Will++:    It greatly increases your willpower.
   *Rage:     It berserks you when you make melee attacks (+20% chance).
 E - a +0 pair of gloves (melded)
 H - a +0 cloak (melded)
Jewellery
 m - an amulet of the acrobat (around neck)
 v - a ring of willpower (left hand)
 y - a ring of fire
 B - a ring of flight
 F - a ring of see invisible (right hand)
 L - the ring "Visunorph" {rF+ rN+ Dex+5 SInv}
   (You found it on level 9 of the Dungeon)

   [ring of see invisible]

   Dex+5:     It affects your dexterity (+5).
   rF+:       It protects you from fire.
   rN+:       It protects you from negative energy.
   SInv:      It lets you see invisible.
Talismans
 b - a beast talisman
 c - a flux talisman
 g - a serpent talisman (active)
Wands
 A - a wand of flame (39)
 I - a wand of iceblast (10)
 J - a wand of polymorph (4)
Scrolls
 h - a scroll of torment
 j - 2 scrolls of amnesia
 l - 3 scrolls of immolation {unknown}
 n - 4 scrolls of teleportation
 o - a scroll of noise {unknown}
 p - a scroll of revelation {unknown}
 q - a scroll of brand weapon {unknown}
 u - 2 scrolls of fog {unknown}
 z - 2 scrolls of fear {unknown}
 C - 2 scrolls of enchant armour {unknown}
 D - 2 scrolls of vulnerability {unknown}
 G - 3 scrolls of blinking {unknown}
 K - a scroll of identify
Potions
 a - a potion of lignification
 d - a potion of might {unknown}
 f - 7 potions of curing
 i - 4 potions of haste
 k - 3 potions of cancellation
 r - 5 potions of mutation {unknown}
 t - a potion of brilliance {unknown}
 w - a potion of heal wounds {unknown}
 x - 3 potions of magic {unknown}


   Skills:
 * Level 7.5 Fighting
 * Level 6.4 Dodging
 * Level 7.9 Unarmed Combat
 + Level 11.4 Shapeshifting


You had 10 spell levels left.
You didn't know any spells.
Your spell library contained the following spells:

 Spells                   Type           Power      Damage    Failure   Level
 Vhi's Electric Charge    Tloc/Air       0%         N/A       98%         4
 Arcjolt                  Conj/Air       0%         1d10      100%        5
 Plasma Beam              Fire/Air       0%         2x1d10    100%        6
 Haunt                    Necr/Summ      0%         N/A       100%        7
 Borgnjor's Revivificati  Necr           0%         N/A       100%        8
 Death's Door             Necr           0%         N/A       100%        9


Dungeon Overview and Level Annotations

Branches:
Dungeon (9/15)             Temple (1/1) D:4
   Lair: D:8-11         Orc: D:9-12

Altars:
Ashenzari
Cheibriados
Dithmenos
Elyvilon
Fedhas
Gozag
Hepliaklqana
Kikubaaqudgha
Makhleb
Nemelex Xobeh
Okawaru
Qazlal
Ru
Sif Muna
Trog
Uskayaw
Vehumet
Xom
Yredelemnul
Zin
The Shining One

Annotations:
D:9 2 runed translucent doors, Eolas's ghost, novice DEHs


Innate Abilities, Weirdness & Mutations

You are an enormous serpent.
You have a powerful constriction melee attack.
Your maximum health is increased.
Your armour is entirely melded.
You are incapable of wielding weapons or throwing items.
Your life essence is reduced to manifest your ancestor. (-10% HP)
((You can breathe blasts of noxious fumes.))
((Your lurid green scales are hard. (AC +7)))
You cannot fit into any form of body armour.
((Your system is resistant to poisons. (rPois)))
((You are cold-blooded and may be slowed by cold attacks.))


Message History

The centaur warrior closely misses you.
The meliai mumbles some strange prayers to its god against you.
Something smites you!
You barely miss the centaur warrior. You grab the centaur warrior.
You constrict the centaur warrior. The centaur warrior hits you.
The centaur warrior barely misses you.
The meliai invokes the aid of its god against you.
Something smites you! The centaur warrior hits you.
The centaur warrior barely misses you.
You lash the centaur warrior!
The centaur warrior is lightly wounded.
You constrict the centaur warrior. The centaur warrior closely misses you.
The centaur warrior kicks you but does no damage.
You hit the centaur warrior.
The centaur warrior is lightly wounded.
You constrict the centaur warrior.
The centaur warrior hits you but does no damage.
The centaur warrior kicks you but does no damage.
You lash the centaur warrior!
The centaur warrior is heavily wounded.
You constrict the centaur warrior. The centaur warrior hits you.
The centaur warrior kicks you but does no damage.
The centaur warrior hits you. The centaur warrior kicks you.
You body-slam the centaur warrior!!
The centaur warrior is almost dead.
You constrict the centaur warrior.
You kill the centaur warrior!
The meliai mumbles some strange prayers to its god against you.
Something smites you!
* * * LOW HITPOINT WARNING * * *
You have reached level 11!
You feel yourself speed up. The meliai hits you with a +0 hand axe.
* * * LOW HITPOINT WARNING * * *
The meliai closely misses you. The meliai hits you with a +0 hand axe.
* * * LOW HITPOINT WARNING * * *
The meliai barely misses you.
You closely miss the meliai. You grab the meliai. You constrict the meliai.
The meliai invokes the aid of its god against you.
Something smites you!
You die...

#.....#....##....###...........
#.....##....##...###..........#
##...####.#####.#[.##........[#
#⌠.⌠######...###...##.......##
#...##.##.....###...#####.....
#⌠.⌠##.#......†###......##.[..
#......#......)..##......##.[#
#......#.....R.#..#.......#...
#.....###....S###.........##..
##.....####...#yo###.......##..
###.........####
....##.....###.. .#..........#
....8##...##.#.. ............#
......#####..... .....<#††...#
......' ..#..... .....##†...##
#8....# .|##.... ..........##
#....# ###...#. ###......##
##....


You could see the friendly Titus the hexer, an orc warrior and a meliai (ally
target).

Vanquished Creatures
  Erica (D:8)
  2 centaur warriors (D:9)
  A deep elf pyromancer (D:8)
  Maggie (D:8)
  Joseph (D:8)
  A gargoyle (D:8)
  A troll (D:8)
  A yak (D:9)
  A vampire (D:9)
  2 acid dragons
  A water moccasin (D:6)
  An orc warrior (D:9)
  2 black bears
  3 ice beasts
  2 phantoms
  5 bullfrogs
  5 scorpions
  Blork the orc (D:4)
  A gnoll sergeant (D:9)
  5 wights
  Dowan (D:7)
  3 killer bees (D:9)
  A howler monkey (D:9)
  2 bombardier beetles (D:3)
  2 orc priests
  4 hounds
  Natasha (thrice) (D:3)
  4 iguanas
  3 orc wizards
  Robin (D:4)
  4 gnolls
  6 adders
  A white imp (D:7)
  2 ufetubi (D:6)
  A ribbon worm (D:2)
  5 dart slugs
  15 orcs
  9 ball pythons
  9 endoplasms
  5 giant cockroaches
  13 goblins
  9 hobgoblins
  4 jackals (D:3)
  11 kobolds
  5 quokkas
  4 bats
  2 frilled lizards
  9 rats
176 creatures vanquished.

Vanquished Creatures (collateral kills)
  Jeremiah (D:9)
  A troll (D:9)
  A steam dragon (D:8)
  Duvessa (D:7)
  An ice beast (D:6)
  3 wights
  3 killer bees (D:9)
  A howler monkey (D:6)
  A hound (D:6)
  3 jellies
  An orc wizard (D:6)
  2 white imps (D:8)
  2 ufetubi (D:6)
  An orc (D:6)
22 creatures vanquished.

Vanquished Creatures (others)
  An orc wizard (D:9)
  A hexer (D:8)
2 creatures vanquished.

Grand Total: 200 creatures vanquished

Notes
Turn   | Place    | Note
-------+----------+-------------------------------------------
     0 | D:1      | ilwentz the Draconian Shapeshifter began the quest for the
                  | Orb.
     0 | D:1      | Reached XP level 1. HP: 16/16 MP: 1/1
   118 | D:1      | Reached XP level 2. HP: 14/23 MP: 2/2
   416 | D:1      | Reached XP level 3. HP: 9/28 MP: 3/3
  1124 | D:2      | Reached XP level 4. HP: 15/36 MP: 4/4
  1229 | D:2      | Reached skill level 4 in Shapeshifting
  1229 | D:2      | Reached XP level 5. HP: 18/41 MP: 5/5
  1353 | D:2      | Found the +2 hat of the Bear Spirit {Spirit, Bear, *Rage
                  | Will++}
  2259 | D:3      | Noticed Natasha
  2264 | D:3      | Killed Natasha
  2481 | D:3      | Noticed Natasha
  2489 | D:3      | Killed Natasha
  2566 | D:3      | Noticed Natasha
  2614 | D:3      | Killed Natasha
  2615 | D:3      | Reached XP level 6. HP: 26/50 MP: 6/6
  3131 | D:3      | Reached skill level 5 in Shapeshifting
  3303 | D:4      | Found an ancient bone altar of Kikubaaqudgha.
  3416 | D:4      | Noticed Robin
  3483 | D:4      | Killed Robin
  3525 | D:4      | Your scales start taking on a lurid green colour.
  3525 | D:4      | Reached XP level 7. HP: 56/56 MP: 7/7
  3525 | D:4      | Gained mutation: Your system is resistant to poisons.
                  | (rPois) [Green Draconian growth]
  3601 | D:4      | Found a staircase to the Ecumenical Temple.
  3616 | D:4      | Reached skill level 6 in Shapeshifting
  3628 | Temple   | Entered the Ecumenical Temple
  3639 | Temple   | Became a worshipper of Hepliaklqana the Forgotten
  3683 | D:4      | Noticed Blork the orc
  3691 | D:4      | Killed Blork the orc
  4052 | D:5      | Entered Level 5 of the Dungeon
  4242 | D:5      | Reached skill level 7 in Shapeshifting
  4311 | D:5      | Found a blossoming altar of Fedhas.
  4494 | D:5      | Reached XP level 8. HP: 62/62 MP: 8/8
  4545 | D:5      | Reached skill level 8 in Shapeshifting
  4861 | D:6      | Reached * piety under Hepliaklqana
  4908 | D:6      | Reached skill level 9 in Shapeshifting
  5252 | D:6      | Reached skill level 10 in Shapeshifting
  5427 | D:6      | Reached XP level 9. HP: 61/61 MP: 9/9
  5592 | D:6      | Found a radiant altar of Vehumet.
  5721 | D:7      | Reached ** piety under Hepliaklqana
  5722 | D:7      | Remembered your ancestor Titus as a hexer
  5757 | D:7      | Noticed Dowan
  5757 | D:7      | Noticed Duvessa
  5760 | D:7      | Killed Dowan
  5766 | D:7      | Killed Duvessa
  5964 | D:7      | Found a sparkling altar of Nemelex Xobeh.
  6196 | D:8      | Noticed Erica
  6393 | D:8      | Reached skill level 5 in Unarmed Combat
  6402 | D:8      | Killed Erica
  6559 | D:8      | Noticed Maggie
  6569 | D:8      | Killed Maggie
  6934 | D:8      | Noticed Joseph
  6942 | D:8      | Killed Joseph
  6943 | D:8      | Reached skill level 5 in Fighting
  7130 | D:8      | Noticed a gargoyle
  7136 | D:8      | Killed a gargoyle
  7137 | D:8      | Reached XP level 10. HP: 70/72 MP: 10/10
  7194 | D:8      | Found a sacrificial altar of Ru.
  7307 | D:8      | Reached skill level 11 in Shapeshifting
  7423 | D:9      | Noticed a centaur warrior
  7436 | D:8      | Reached skill level 5 in Dodging
  7623 | D:9      | Killed a centaur warrior
  7795 | D:9      | Identified the +3 chain mail "Deoq" {rCorr}
  7818 | D:9      | Noticed Jeremiah
  7833 | D:9      | Killed Jeremiah
  7849 | D:9      | Found a runed translucent door.
  7849 | D:9      | Reached *** piety under Hepliaklqana
  7849 | D:9      | Noticed Eolas's ghost (novice DEHs)
  8043 | D:9      | Found a runed translucent door.
  8209 | D:9      | Identified the ring "Visunorph" {rF+ rN+ Dex+5 SInv}
  8287 | D:9      | Found an iron altar of Okawaru.
  8291 | D:9      | Found a runed translucent door.
  8416 | D:9      | Noticed a deep elf pyromancer
  8588 | D:8      | Killed a deep elf pyromancer
  8652 | D:9      | Noticed a centaur warrior
  8652 | D:9      | Noticed a meliai
  8663 | D:9      | Killed a centaur warrior
  8664 | D:9      | Reached XP level 11. HP: 21/82 MP: 11/11
  8665 | D:9      | Killed from afar by a meliai

Illustrated notes

Levels and vault maps discovered:
D:1:      doesnt_arrival_eight_statues, layout_loops_ring
D:2:      layout_loops_ring, grunt_ministairs_1, minmay_stone_trees_small,
          minmay_randomly_rotated_circles
D:3:      layout_loops_ring, uniq_natasha
D:4:      layout_loops_ring, mainiacjoe_overflow_brackets,
          minmay_temple_entry_butterflies, uniq_blork_the_orc, uniq_robin
D:5:      wander_river, layout_loops_ring, fedhas_altar_3
D:6:      minmay_skewed_foursquare, layout_rooms, kennysheep_mini_moat
D:7:      layout_cave_pools, nemelex_diamond_rough_becter, uniq_duvessa
D:8:      layout_loops_ring, nicolae_ru_the_path_less_chosen, uniq_erica,
          uniq_joseph, uniq_maggie
D:9:      cheibrodos_histonic, layout_cave_pools, okawaru_trees_1,
          hellmonk_ghost_happy_afterlife, grunt_ministairs_11,
          small_chamber_with_monster, uniq_jeremiah
Temple:   hellmonk_temple_of_storms

Skill      XL: |  1  2  3  4  5  6  7  8  9 10 |
---------------+-------------------------------+-----
Dodging        | 2 4 6 |  6.4
Fighting       | 2 5 7 |  7.5
Unarmed Combat | 4 6 7 |  7.9
Shapeshifting  | 4 5 7 10 11 | 11.4

Action                     |  1- 3 |  4- 6 |  7- 9 | 10-12 || total
---------------------------+-------+-------+-------+-------++-------
  Melee: Unarmed           |    94 |   149 |   211 |    86 ||   540
         Tailslap          |     4 |     9 |    27 |       ||    40
         Constrict         |    15 |    18 |    12 |    19 ||    64
         Punch             |       |     3 |       |       ||     3
  Throw: Dart              |     4 |     1 |     1 |       ||     6
 Invoke: Recall Ancestor   |       |       |     1 |     2 ||     3
         Ancestor Life: He |       |       |     1 |       ||     1
Ability: Breathe Noxious F |       |       |     3 |       ||     3
    Use: Scroll            |       |     6 |       |       ||     6
         Potion            |       |       |       |     1 ||     1
   Stab: Sleeping          |     2 |       |     2 |       ||     4
         Distracted        |       |       |     1 |     1 ||     2
         Confused          |       |       |     1 |     1 ||     2
 Armour: Skin              |    33 |    58 |    94 |    85 ||   270
  Dodge: Dodged            |    44 |    75 |   140 |    59 ||   318
   Form: Serpent           |     2 |     3 |     2 |       ||     7
         Beast             |     1 |     4 |       |       ||     5
         Flux              |       |       |     2 |       ||     2
